cohdb
Replays
Latest Replays
All Replays
Popular Replays
Top Player Replays
Match Explorer
How It Works
Community
CoH3 Stats
Reddit
Sign in to upload your games and track your stats! →
Sign in with Steam
Match 42502818
Unlisted
Match 42502818
Overview
Messages
Build Orders
End
Construct Section Command Post
Royal Engineer Section
Royal Engineer Section
Vickers Machine Gun Team
Selects Canadian Shock Battlegroup
Construct Field Infirmary
Selects Attacking Spirit
Selects Canadian Shock Section
Canadian Shock Section
Canadian Shock Section
Selects Incendiary Munitions
Construct Section Command Post
Construct Platoon Command Post
Canadian Shock Section
Selects Pyrotechnics
Selects Churchill Crocodile Heavy Tank
Canadian Shock Section
Dur3X
Chuck Norris
R.U.C
Team saupiquet
0
0
Comments
sign in to comment!
No comments posted yet!